 Dungeon Crawl Stone Soup version 0.25-a0-589-g1e14c549ee (webtiles) character file.

Game seed: 9916500946442435667, levelgen mode: deterministic

772 Gargoyl the Skirmisher (level 7, 0/61 HPs)
             Began as a Centaur Abyssal Knight on Mar 12, 2020.
             Was a Priest of Lugonu.
             Killed from afar by Dowan (9 damage)
             ... with a shard of ice
             ... on level 5 of the Dungeon.
             The game lasted 00:08:13 (5063 turns).

Gargoyl the Skirmisher (Centaur Abyssal Knight)     Turns: 5063, Time: 00:08:14

Health: 0/61       AC: 12    Str: 13 (15) XL:     7   Next: 53%
Magic:  0/9        EV:  0    Int: 10 (11) God:    Lugonu [***...]
Gold:   215        SH:  6    Dex:  9 (10) Spells: 6/6 levels left

rFire    . . .     SeeInvis +   y - +2 long sword of the Grave {vorpal, rC+} (curse)
rCold    + . .     Gourm    .   p - +0 kite shield
rNeg     . . .     Faith    .   g - +1 storm dragon scales
rPois    .         Spirit   +   o - +1 helmet
rElec    +         Reflect  .   (no cloak)
rCorr    .         Harm     .   v - +0 pair of gloves
MR       .....     Clarity  +   (no barding)
Stlth    ..........             d - amulet of guardian spirit
HPRegen  0.20/turn              m - ring of see invisible
MPRegen  0.11/turn              (no ring)

@: extremely drained, very quick
A: large, hooves 3, clarity, deformed body, speed 2, tough skin 3, MP-powered
wands
a: Depart the Abyss, Bend Space, Banish, Renounce Religion


You were on level 5 of the Dungeon.
You worshipped Lugonu.
Lugonu was most pleased with you.
You were hungry.

You visited 1 branch of the dungeon, and saw 6 of its levels.
You visited the Abyss 1 time.

You collected 215 gold pieces.

Inventory:

Hand Weapons
 a - a +1 hand axe
 y - the cursed +2 long sword of the Grave (weapon) {vorpal, rC+}
   (You found it on level 5 of the Dungeon)

   It inflicts extra damage upon your enemies.
   It protects you from cold.
   It has a curse placed upon it.
Missiles
 u - 3 boomerangs (quivered)
Armour
 g - +1 storm dragon scales (worn)
 o - a +1 helmet (worn)
 p - a +0 kite shield (worn)
 v - a +0 pair of gloves (worn)
Jewellery
 d - an amulet of guardian spirit (around neck)
 m - a ring of see invisible (left hand)
Wands
 f - a wand of acid (12)
Scrolls
 h - a scroll of identify
 i - 3 scrolls of remove curse
 j - a scroll of teleportation
 r - 2 scrolls of blinking
 x - a scroll of noise {unknown}
Potions
 e - a potion of stabbing
 l - a potion of degeneration
 q - a potion of brilliance
Comestibles
 c - 9 rations
 z - 4 chunks of flesh


   Skills:
 + Level 5.4(0.0) Fighting
 + Level 0.9(0.0) Long Blades
 + Level 4.2(0.0) Axes
 + Level 0.6(0.0) Throwing
 * Level 3.1(0.0) Armour
 + Level 1.1(0.0) Dodging
 - Level 0.1(0.0) Stealth
 * Level 1.5(0.0) Shields
 * Level 3.0(0.0) Invocations


You had 6 spell levels left.
You didn't know any spells.
Your spell library was empty.

Dungeon Overview and Level Annotations

Branches:
Dungeon (6/15)             Temple (0/1) D:5

Altars:

Annotations:
D:5 1 runed translucent door, Crazy Yiuf, Dowan


Innate Abilities, Weirdness & Mutations

You have hooves in place of feet.
Armour fits poorly on your strangely shaped body.
You cover ground very quickly.
You have extremely tough skin. (AC +3)
You possess an exceptional clarity of mind.
You expend magic power (3 MP) to strengthen your wands.


Message History

The puff of flame hits you but does no damage.
You feel better.
Okay, then.
You hit Dowan.
Dowan is heavily wounded.
Dowan hits you but does no damage. x2
Dowan casts a spell at you. The stone arrow hits you!
* * * LOW HITPOINT WARNING * * *
You barely miss Dowan.
Dowan is heavily wounded.
Dowan hits you but does no damage.
Dowan zaps a wand.
The puff of flame hits you.
* * * LOW HITPOINT WARNING * * *
Your storm dragon scales prevents you from hitting Dowan.
Dowan is heavily wounded.
Dowan hits you but does no damage. Dowan gestures at you while chanting.
The shard of ice hits you! You partially resist.
You die...

..........##
.#.#.......#
.....##....###
##....#.....)#
#....#......#
#....###....##♣♣
### ##...#
#.....#.♣♣ ♣♣#..)#
###
###......♣♣♣♣.+...#
##...e@.♣..♣#...#
##.#..♣)♣♣♣ ###
###♣♣♣♣♣


You could see Dowan.

Vanquished Creatures
  Duvessa (D:5)
  A phantom (D:4)
  A centaur (D:5)
  A bullfrog (D:3)
  A bullfrog zombie (D:3)
  2 orc wizards
  Jessica (D:3)
  A bullfrog skeleton (D:3)
  2 worker ants
  A hound skeleton (D:4)
  Robin (D:4)
  4 gnolls (D:2)
  9 adders
  A white imp (Abyss:3)
  An ooze (D:3)
  3 worms (D:2)
  A dart slug (D:4)
  A leopard gecko (D:2)
  9 orcs
  4 bats
  5 giant cockroaches
  10 goblins
  11 hobgoblins
  11 jackals
  2 quokkas
  2 ball pythons (D:2)
  A ball python skeleton (D:5)
  4 frilled lizards
  7 kobolds
  7 rats
106 creatures vanquished.

Notes
Turn   | Place    | Note
-------+----------+-------------------------------------------
     0 | Abyss:1  | Gargoyl the Centaur Abyssal Knight began the quest for the
                  | Orb.
     0 | Abyss:1  | Reached XP level 1. HP: 19/19 MP: 2/2
   156 | Abyss:3  | Noticed a starcursed mass
   172 | Abyss:3  | Noticed a spatial vortex
   172 | Abyss:3  | Noticed a spatial maelstrom
   176 | Abyss:3  | Noticed a small abomination
   186 | D:1      | Escaped the Abyss
   394 | D:1      | Reached XP level 2. HP: 26/26 MP: 1/3
   484 | D:1      | Reached * piety under Lugonu
   981 | D:2      | Reached XP level 3. HP: 25/31 MP: 4/4
  1226 | D:2      | Reached skill level 4 in Fighting
  1450 | D:2      | Reached XP level 4. HP: 30/40 MP: 3/5
  2061 | D:2      | Reached ** piety under Lugonu
  2065 | D:2      | Reached XP level 5. HP: 22/47 MP: 4/6
  3060 | D:3      | Reached skill level 5 in Fighting
  3060 | D:3      | Reached XP level 6. HP: 35/56 MP: 4/7
  3392 | D:3      | Reached skill level 1 in Dodging
  3577 | D:3      | Noticed Jessica
  3593 | D:3      | Killed Jessica
  3796 | D:4      | Noticed Robin
  3810 | D:4      | Killed Robin
  4019 | D:4      | Reached *** piety under Lugonu
  4218 | D:4      | Reached XP level 7. HP: 57/61 MP: 6/8
  4563 | D:5      | Entered Level 5 of the Dungeon
  4604 | D:5      | Got a smoking long sword
  4605 | D:5      | Identified the cursed +2 long sword of the Grave {vorpal,
                  | rC+} (You found it on level 5 of the Dungeon)
  4676 | D:5      | Found a staircase to the Ecumenical Temple.
  4676 | D:5      | Noticed Dowan
  4919 | D:5      | Reached skill level 1 in Shields
  4976 | D:5      | Found a runed translucent door.
  4977 | D:5      | Noticed Crazy Yiuf
  4989 | D:5      | Noticed Duvessa
  5042 | D:5      | Killed Duvessa
  5057 | D:5      | Gained mutation: You expend magic power (3 MP) to
                  | strengthen your wands. [potion of mutation]
  5057 | D:5      | Gained mutation: You possess an exceptional clarity of
                  | mind. [potion of mutation]
  5063 | D:5      | Killed from afar by Dowan

Levels and vault maps discovered:
D:1:      minmay_arrival_jagged, layout_basic
D:2:      layout_rooms
D:3:      layout_basic, first_ration, uniq_jessica
D:4:      layout_cave_pods, uniq_robin
D:5:      layout_basic, makhleb_grotto_becter, minmay_temple_entry_glass,
          uniq_crazy_yiuf_cottage, uniq_duvessa
D:6:      layout_loops_cross, uniq_edmund, uniq_maggie

Skill      XL: |  1  2  3  4  5  6  7 |
---------------+----------------------+-----
Axes           | 2 3 4 |  4.2
Fighting       | 4 5 |  5.4
Armour         | 2 3 |  3.1
Dodging        | 1 |  1.1
Shields        | 1 |  1.5
Invocations    | 3 |  3.0
Long Blades    | |  0.9
Throwing       | |  0.6
Stealth        | |  0.1

Action                   |  1- 3 |  4- 6 |  7- 9 || total
-------------------------+-------+-------+-------++-------
Melee: Hand axe          |    78 |   230 |    32 ||   340
       Kick              |    14 |    43 |    14 ||    71
       Long sword        |       |       |    64 ||    64
Throw: Boomerang         |       |    13 |       ||    13
Invok: Depart the Abyss  |     1 |       |       ||     1
Evoke: Wand              |     2 |       |       ||     2
  Use: Potion            |     2 |       |     9 ||    11
       Scroll            |     1 |     8 |       ||     9
  Eat: Chunk             |     1 |     8 |     2 ||    11
Armor: Storm dragon scal |    48 |   209 |    67 ||   324
       Leather armour    |    10 |       |       ||    10
Dodge: Dodged            |    20 |    58 |     9 ||    87
Block: Kite shield       |       |     5 |    47 ||    52

Table legend:
 A = Non-vault XP
 B = Vault XP
 C = Vault XP percentage of total XP
 D = Non-vault monster count
 E = Vault monster count
 F = Vault count percentage of total count
                 A         B        C        D         E       F
            +---------+---------+-------+---------+---------+-------
      Total |     886 |     218 |  19.7 |      91 |      15 |  14.2
            +---------+---------+-------+---------+---------+-------
        D:1 |      38 |       0 |   0.0 |      17 |       0 |   0.0
        D:2 |     213 |       0 |   0.0 |      29 |       0 |   0.0
        D:3 |     274 |      37 |  11.9 |      22 |       1 |   4.3
        D:4 |     156 |      39 |  20.0 |      13 |      13 |  50.0
        D:5 |     179 |     142 |  44.2 |       7 |       1 |  12.5
        D:6 |      16 |       0 |   0.0 |       2 |       0 |   0.0
    Abyss:3 |      10 |       0 |   0.0 |       1 |       0 |   0.0
            +---------+---------+-------+---------+---------+-------
